[Event "*** Titled Tuesday Blitz"]
[Site "Chess.com"]
[Date "2020.04.14"]
[Round "6"]
[White "stefan_95"]
[Black "Eltarolo"]
[Result "1-0"]
[WhiteElo "2546"]
[BlackElo "2339"]
[TimeControl "180+1"]
[EndTime "11:03:32 PDT"]
[Termination "stefan_95 won by checkmate"]

1. d4 Nf6 2. Nf3 g6 3. Bf4 Bg7 4. e3 O-O 5. Be2 d6 6. O-O Nbd7 7. c4 Re8 8. h3 e5 9. dxe5 dxe5 10. Nxe5 Qe7 11. Nxd7 Bxd7 12. Nc3 Bc6 13. Bf3 Ne4 14.
Nxe4 Bxe4 15. Bxe4 Qxe4 16. Qb3 b6 17. Rad1 Rad8 18. Rxd8 Rxd8 19. Rd1 Rxd1+ 20. Qxd1 Qxc4 21. b3 Qc5 22. Qd8+ Bf8 23. Qxc7 Qxc7 24. Bxc7 b5 25. Kf1 Bb4 26. Ke2 Kf8 27. Kd3 Ke7 28. Be5 h5 29.
Bc3 Bd6 30. e4 a6 31. e5 Bc5 32. f4 Ke6 33. Ke4 Bf2 34. g4 hxg4 35. hxg4 Bg1 36.
f5+ gxf5+ 37. gxf5+ Kd7 38. Kd5 Bf2 39. e6+ fxe6+ 40.
fxe6+ Kc7 41. Be5+ Kd8 42. Bd6 a5 43. Kc6 a4 44. Kxb5 axb3 45. axb3 Kc8 46. Kc6 Bh4 47. e7 Bxe7 48. Bxe7 Kb8 49. Bd6+ Ka7 50. b4 Ka6 51.
b5+ Ka7 52. b6+ Ka6 53. b7 Ka5 54. b8=Q Ka4 55. Qb4# 1-0

[Event "*** Titled Tuesday Blitz"]
[Site "Chess.com"]
[Date "2020.04.14"]
[Round "6"]
[White "blazingbanana"]
[Black "MisiekZielony"]
[Result "0-1"]
[WhiteElo "2388"]
[BlackElo "2209"]
[TimeControl "180+1"]
[EndTime "11:03:32 PDT"]
[Termination "MisiekZielony won by checkmate"]

1. d4 d5 2. c4 c6 3. Nc3 Nf6 4. e3 g6 5. Nf3 Bg7 6. Bd3 O-O 7. O-O Bg4 8. h3 Bxf3 9. Qxf3 e6 10. b3 Nbd7 11. Bb2 Re8 12. Rfd1 Qe7 13. e4 dxe4 14. Nxe4 Nxe4 15. Bxe4 f5 16. Bc2 e5 17. Re1 e4 18. Qe3 Qf7 19. Qf4 Nf6 20. Rad1 Rad8 21. Ba1 Rd7 22. f3 Nh5 23. Qe3 f4 24. Qe2 Ng3 25. Qd2 e3 26. Qa5 b6 27. Qg5 Red8 28. d5 Bxa1 29. Rxa1 cxd5 30. Rad1 d4 31. b4 Kg7 32.
Bb3 Qf6 33. Qg4 h5 34. Qxd7+ Rxd7 35. c5 bxc5 36. bxc5 d3 37. c6 Qxc6 38. Rc1 Ne2+ 39. Rxe2 dxe2 40. Rxc6 e1=Q+ 41. Kh2 Qg3+ 42. Kg1 Rd2 43.
Rc7+ Kh6 44. Bg8 Qxg2# 0-1

[Event "*** Titled Tuesday Blitz"]
[Site "Chess.com"]
[Date "2020.04.14"]
[Round "6"]
[White "flomarechot"]
[Black "Boudicca64"]
[Result "1-0"]
[WhiteElo "2169"]
[BlackElo "1996"]
[TimeControl "180+1"]
[EndTime "11:03:32 PDT"]
[Termination "flomarechot won on time"]

1. d4 d5 2. c4 e6 3. Nc3 Nf6 4. cxd5 exd5 5. Bg5 Be7 6. Qc2 O-O 7. e3 b6 8. Bd3 h6 9. Bh4 Bb7 10. Nf3 Nbd7 11.
Bg3 c5 12. O-O Rc8 13. b3 cxd4 14. Nxd4 Bb4 15. Rac1 Rxc3 16. Qe2 Qc8 17. Rxc3 Qxc3 18. Nf5 Ne5 19. Bb1 Rc8 20. Bf4 Ng6 21. Bxh6 gxh6 22.
Nxh6+ Kg7 23. Nf5+ Kh7 24. h4 d4 25. h5 Ne5 26.
Nxd4+ Kh8 27. h6 1-0

[Event "*** Titled Tuesday Blitz"]
[Site "Chess.com"]
[Date "2020.04.14"]
[Round "6"]
[White "guillembaches"]
[Black "RovenVogel"]
[Result "0-1"]
[WhiteElo "2460"]
[BlackElo "2624"]
[TimeControl "180+1"]
[EndTime "11:03:33 PDT"]
[Termination "RovenVogel won by resignation"]

1. e4 c5 2. Nf3 d6 3. d4 cxd4 4.
Nxd4 Nf6 5. Nc3 Nc6 6. Be2 e5 7. Nf3 Be7 8. Bg5 O-O 9. Bxf6 Bxf6 10. Nd5 Be6 11. Bc4 Rc8 12. Bb3 Na5 13. O-O Nc4 14.
Bxc4 Rxc4 15. Qd3 Bxd5 16. Qxd5 Rxc2 17. Qxb7 Qb6 18. Qxb6 axb6 19. Rfd1 Rxb2 20. Rxd6 Ra8 21. g3 Be7 22. Rd2 Rxd2 23. Nxd2 Bb4 24. Nc4 b5 25.
Rb1 bxc4 26. Rxb4 Rc8 27. Rb2 Kf8 28. a4 Ke7 29. a5 Kd6 30. Kf1 Kc5 31. Ke2 Rc7 32.
Kd2 Kd4 33. Kc2 Kxe4 34. Kc3 f5 35. a6 Ra7 36. Kxc4 Rxa6 37. Re2+ Kf3 38. Rxe5 g6 39. Re7 h5 40. Kd4 Kxf2 41. Ke5 Kg2 42. Kf4 Ra4+ 0-1

[Event "*** Titled Tuesday Blitz"]
[Site "Chess.com"]
[Date "2020.04.14"]
[Round "6"]
[White "crazy_but_lazy"]
[Black "Perecke"]
[Result "1-0"]
[WhiteElo "2408"]
[BlackElo "2205"]
[TimeControl "180+1"]
[EndTime "11:03:33 PDT"]
[Termination "crazy_but_lazy won on time"]

1. d4 d5 2. c4 e6 3. Nc3 Nf6 4. cxd5 exd5 5. Bg5 Be7 6. e3 O-O 7. Bd3 Re8 8. Nf3 Nbd7 9. O-O Nf8 10. Ne5 g6 11. f4 Ne6 12. Bh4 Ng7 13. Qb3 c6 14.
Rae1 Qb6 15. Qc2 Bf5 16. Na4 Qc7 17. h3 Bxd3 18. Qxd3 Ne4 19. Bxe7 Qxe7 20. Nc3 f6 21. Nxe4 fxe5 22. Nc5 exd4 23. exd4 Qxe1 24. Rxe1 Rxe1+ 25. Kh2 b6 26. Nd7 Nf5 27. Ne5 Rc8 28. Qa6 Rc7 29.
Qd3 Re4 30. a4 1-0

[Event "*** Titled Tuesday Blitz"]
[Site "Chess.com"]
[Date "2020.04.14"]
[Round "6"]
[White "artichaud"]
[Black "martinbitel"]
[Result "0-1"]
[WhiteElo "2209"]
[BlackElo "2613"]
[TimeControl "180+1"]
[EndTime "11:03:33 PDT"]
[Termination "martinbitel won on time"]

1. e4 c5 2. Nf3 d6 3. d4 cxd4 4. Qxd4 Bg4 5. Nc3 Nc6 6. Bb5 Rc8 7. Qxa7 Bxf3 8. gxf3 Qd7 9. Qe3 e6 10. b3 g6 11. Bb2 Bg7 12. f4 Nf6 13. O-O-O O-O 14. e5 Nh5 15. Qf3 d5 16. Ne2 Qe7 17. Kb1 Qb4 18.
Bd3 Bh6 19. f5 exf5 20. Qxd5 Rfd8 21. Qc4 Qe7 22. Qb5 Nf4 23. Nxf4 Bxf4 24. Rhe1 Nd4 25. Qb6 Rc6 26. Qa5 Nf3 27. Re2 h5 28. Ba3 Qe8 29. h3 Kh7 30. Bb2 Rd7 31. Qb5 Qe6 32. Rh1 Rd5 33. Qa4 Bxe5 0-1

[Event "*** Titled Tuesday Blitz"]
[Site "Chess.com"]
[Date "2020.04.14"]
[Round "6"]
[White "johnathan113"]
[Black "RD4ever"]
[Result "1-0"]
[WhiteElo "2655"]
[BlackElo "2844"]
[TimeControl "180+1"]
[EndTime "11:03:34 PDT"]
[Termination "johnathan113 won by checkmate"]

1. d4 Nf6 2. Nc3 d5 3. Bf4 c5 4.
e3 cxd4 5. exd4 a6 6. Bd3 Nc6 7. Nge2 e6 8. Qd2 Bd7 9. f3 b5 10. g4 Qb6 11. Qe3 Nb4 12. Ng3 Bd6 13. Bxd6 Qxd6 14.
g5 Ng8 15. Nf5 Nxd3+ 16. cxd3 Qc6 17. Rc1 Kf8 18. Na4 Qb7 19. Nc5 Qa7 20. Nxg7 Kxg7 21. Qe5+ f6 22. gxf6+ Kf8 23. Qd6+ Ke8 24. f7+ Kxf7 25.
Nxd7 Qxd4 26. Rc7 Qe3+ 27. Kd1 Kg6 28. Ne5+ Kf5 29. Rf7+ Nf6 30. Rxf6+ Kg5 31. f4+ Kh4 32.
Rh6# 1-0

[Event "*** Titled Tuesday Blitz"]
[Site "Chess.com"]
[Date "2020.04.14"]
[Round "6"]
[White "ajian"]
[Black "vladimirdamjanovic"]
[Result "0-1"]
[WhiteElo "2378"]
[BlackElo "2542"]
[TimeControl "180+1"]
[EndTime "11:03:34 PDT"]
[Termination "vladimirdamjanovic won by resignation"]

1. d4 Nf6 2. c4 c5 3. d5 b5 4. cxb5 a6 5. bxa6 g6 6. Nc3 Bg7 7. g3 d6 8. Nf3 O-O 9. Bg2 Nbd7 10.
O-O Nb6 11. Nh4 Bxa6 12. Rb1 Nfd7 13. Qc2 c4 14. Rd1 Nc5 15. Nf3 Bb7 16. Nd4 Nba4 17. Nc6 Bxc6 18. dxc6 Nxc3 19. bxc3 Qa5 20. Be3 Na4 21.
Rb4 Nxc3 22. Rxc4 Nxd1 23. Qxd1 Qxa2 24. Rc1 Rfc8 25. c7 Ra7 26. Bxa7 Qxa7 27. Qc2 Bd4 28. e3 Bc5 29. Qb2 Qxc7 30. Qc2 Qa7 31. Qb1 Rb8 32. h3 Rxb1 33. Rxb1 Kg7 0-1

[Event "*** Titled Tuesday Blitz"]
[Site "Chess.com"]
[Date "2020.04.14"]
[Round "6"]
[White "1lec"]
[Black "XiaoKangZhong"]
[Result "0-1"]
[WhiteElo "2148"]
[BlackElo "2390"]
[TimeControl "180+1"]
[EndTime "11:03:34 PDT"]
[Termination "XiaoKangZhong won on time"]

1. e4 c6 2. Nc3 d5 3. Nf3 dxe4 4. Nxe4 Nf6 5. Qe2 Nxe4 6. Qxe4 Qd5 7. Qh4 Qe6+ 8. Be2 Qg4 9. d4 Qxg2 10. Rg1 Qh3 11. Qf4 Qf5 12. Qd2 g6 13. b3 Bg7 14. Bb2 Nd7 15. O-O-O b6 16. Kb1 Bb7 17. Rg3 Nf6 18. Bd3 Qd7 19. Ne5 Qc7 20. Re1 Nd5 21. c4 Nf6 22. Qe2 e6 23. Nxf7 Qxf7 24. Re3 Bc8 25. d5 cxd5 26. cxd5 Nxd5 27. Bb5+ Kd8 28. Bxg7 Qxg7 29. Rd1 Kc7 30. Qc2+ Kb8 31. Qc6 Bb7 32.
Qd6+ Qc7 33. Qxe6 Nxe3 34. fxe3 Bc8 35. Qe4 a6 0-1

[Event "*** Titled Tuesday Blitz"]
[Site "Chess.com"]
[Date "2020.04.14"]
[Round "6"]
[White "Shivagami"]
[Black "mortngabriel"]
[Result "0-1"]
[WhiteElo "2143"]
[BlackElo "2385"]
[TimeControl "180+1"]
[EndTime "11:03:34 PDT"]
[Termination "mortngabriel won on time"]

1. d4 Nf6 2. c4 e6 3. Nc3 Bb4 4. f3 d5 5. cxd5 Nxd5 6. Qc2 Qh4+ 7. g3 Qxd4 8. Bd2 Ne3 9. Bxe3 Qxe3 10. Rd1 O-O 11.
Rd3 Qb6 12. Nh3 Nc6 13. Ng5 h6 14. Ne4 e5 15. a3 Bxc3+ 16. Nxc3 Nd4 17. Qb1 Bf5 18.
e4 Be6 19. Bg2 Rad8 20. b4 c6 21. Na4 Qb5 22. Nb2 a5 23. O-O axb4 24. axb4 Qxb4 25.
f4 f6 26. f5 Bb3 27. Rf2 b5 28. Nd1 c5 29. Rb2 Qe1+ 30. Bf1 Bxd1 31. Rxd1 Nf3+ 32. Kg2 Rxd1 0-1

[Event "*** Titled Tuesday Blitz"]
[Site "Chess.com"]
[Date "2020.04.14"]
[Round "6"]
[White "benko_008"]
[Black "Rish_97"]
[Result "1-0"]
[WhiteElo "2473"]
[BlackElo "2596"]
[TimeControl "180+1"]
[EndTime "11:03:35 PDT"]
[Termination "benko_008 won by resignation"]

1. Nf3 d5 2. d4 Nf6 3. c4 c6 4.
Nbd2 Bf5 5. Nh4 Be4 6. e3 e6 7. Be2 h6 8. O-O Bh7 9. Nhf3 Nbd7 10. b3 Bd6 11. Bb2 O-O 12. Rc1 Qe7 13. Re1 Rfd8 14. Bf1 Ba3 15. Bxa3 Qxa3 16. Ra1 a5 17. Qc1 Qe7 18.
a3 Rac8 19. Qb2 c5 20. Rac1 b6 21. cxd5 Nxd5 22. Bb5 cxd4 23. Nxd4 Nc5 24. b4 axb4 25. axb4 e5 26. bxc5 exd4 27. exd4 Qf6 28. c6 Nc7 29. Nf3 Ne6 30. Red1 Nf4 31. Ne5 Be4 32. f3 Bd5 33. c7 Rd6 34. Ba6 Be6 35. Bxc8 Bxc8 36.
Qb5 Qg5 37. Rc2 Kh7 38. Kh1 f6 39. Nf7 Qxb5 40. Nxd6 Qd7 41. Nxc8 Qxc8 42. d5 Ng6 43. Rb1 Ne5 44. Rxb6 Nd7 45. Rd6 Qb7 46. c8=Q 1-0

[Event "*** Titled Tuesday Blitz"]
[Site "Chess.com"]
[Date "2020.04.14"]
[Round "6"]
[White "esskeettit"]
[Black "DonPreuss"]
[Result "0-1"]
[WhiteElo "2316"]
[BlackElo "2184"]
[TimeControl "180+1"]
[EndTime "11:03:35 PDT"]
[Termination "DonPreuss won by resignation"]

1. d4 Nc6 2. Nf3 d6 3. c4 e5 4. d5 Nb8 5. Nc3 f5 6. e4 f4 7. g3 g5 8. gxf4 gxf4 9. Nxe5 dxe5 10. Qh5+ Kd7 11. Bh3+ Kd6 12. Bxc8 Qxc8 13. Nb5+ Ke7 14. Qxe5+ Kf7 15. Qxh8 Nf6 16. e5 Bb4+ 17. Bd2 Bxd2+ 18.
Kxd2 Qxh8 19. exf6 Qxf6 20. Kc2 Na6 21. Rae1 Nb4+ 22.
Kb3 Nd3 23. Re2 f3 24. Rd2 Nc5+ 25. Kc2 Qf5+ 26. Kc1 Nd3+ 27. Kd1 Nxf2+ 28. Rxf2 Qb1+ 29.
Kd2 Qxh1 30. Nd4 Qg2 31. Ke3 Qg1 32. Kxf3 Ke7 33. Re2+ Kd6 34. Nf5+ Kc5 35. b3 Rf8 0-1

[Event "*** Titled Tuesday Blitz"]
[Site "Chess.com"]
[Date "2020.04.14"]
[Round "6"]
[White "Neimar24"]
[Black "Darhild"]
[Result "1-0"]
[WhiteElo "2557"]
[BlackElo "2699"]
[TimeControl "180+1"]
[EndTime "11:03:36 PDT"]
[Termination "Neimar24 won by resignation"]

1. d4 Nf6 2. c4 g6 3. g3 Bg7 4. Bg2 d5 5. cxd5 Nxd5 6. Nf3 O-O 7. O-O Nb6 8. Nc3 Nc6 9. e3 Re8 10.
h3 Rb8 11. b3 e5 12. dxe5 Qxd1 13. Nxd1 Nxe5 14. Nxe5 Bxe5 15. Bb2 Bxb2 16. Nxb2 Bf5 17. Rac1 c6 18. Rfd1 Rbd8 19. g4 Be6 20. Nd3 Bd5 21.
Nc5 Bxg2 22. Kxg2 Rxd1 23. Rxd1 Re7 24. Rd8+ Kg7 25. Rb8 Nd5 26. Rxb7 Rxb7 27. Nxb7 Nb4 28. a3 Nc2 29. a4 Kf6 30. Na5 Nb4 31. f4 Ke6 32. e4 Kd6 33. Kf3 Nc2 34. Ke2 Kc5 35. Kd3 Ne1+ 36. Kc3 Ng2 37. b4+ Kd6 38. Nc4+ Kc7 39. f5 Nf4 40. h4 Ng2 41. Ne5 Nxh4 42. Nxf7 gxf5 43. gxf5 h5 44. Kd4 Kd7 45. Ke5 Nf3+ 46.
Kf4 Nd4 47. e5 Ke7 48. Ng5 Nc2 49. f6+ Ke8 50. e6 1-0

[Event "*** Titled Tuesday Blitz"]
[Site "Chess.com"]
[Date "2020.04.14"]
[Round "6"]
[White "dragos420"]
[Black "swayamsm"]
[Result "0-1"]
[WhiteElo "2506"]
[BlackElo "2672"]
[TimeControl "180+1"]
[EndTime "11:03:36 PDT"]
[Termination "swayamsm won on time"]

1. e4 e6 2. d4 d5 3. Nd2 Be7 4.
Bd3 c5 5. Ngf3 Nf6 6. exd5 Qxd5 7. dxc5 Nbd7 8. O-O Nxc5 9. Bc4 Qh5 10. Nb3 O-O 11. Be3 b6 12. Nfd4 Qg6 13. Nxc5 bxc5 14. Bd3 Qg4 15.
Be2 Qh4 16. g3 Qh3 17. Nc6 Re8 18. Nxe7+ Rxe7 19. Bxc5 Bb7 20. Bf3 Ng4 21. Re1 Qxh2+ 22. Kf1 Qh3+ 23. Kg1 Rd7 24. Bxb7 Rxd1 25. Raxd1 Re8 26.
Bg2 Qh2+ 27. Kf1 Qh5 28. Bxa7 h6 29. Bd4 Rc8 30. Rd2 e5 31. Be3 Nh2+ 32. Kg1 Nf3+ 33. Bxf3 Qxf3 34. a3 Rc4 35. b3 Rg4 36. Rd3 e4 37.
Rd2 h5 38. Red1 h4 39. Rd8+ Kh7 40. R8d5 hxg3 0-1

[Event "*** Titled Tuesday Blitz"]
[Site "Chess.com"]
[Date "2020.04.14"]
[Round "6"]
[White "afgano29"]
[Black "Arencibia"]
[Result "1-0"]
[WhiteElo "2697"]
[BlackElo "2480"]
[TimeControl "180+1"]
[EndTime "11:03:36 PDT"]
[Termination "afgano29 won by resignation"]

1. d4 Nf6 2. c4 e6 3. Nf3 c5 4.
d5 d6 5. Nc3 exd5 6. cxd5 g6 7.
e4 Bg7 8. h3 O-O 9. Bd3 a6 10.
a4 Nbd7 11. O-O Nh5 12. Bg5 Bf6 13. Bh6 Re8 14. Re1 Rb8 15. Qd2 Ne5 16. Be2 Bd7 17.
Nxe5 Bxe5 18. Bxh5 gxh5 19. Bg5 f6 20. Bh4 Kh8 21.
f4 Bd4+ 22. Kh2 Qa5 23. Qc2 Kg7 24. Ne2 Qb4 25. Nxd4 cxd4 26. Qf2 d3 27. e5 d2 28.
Bxf6+ Kf7 29. Re2 Rg8 30. Rxd2 Bf5 31. Re1 Rg6 32. Rd4 Qc5 33. Bg5 h6 34. b4 Qc3 35.
exd6 hxg5 36. fxg5 Rxg5 37. Rf4 Kg6 38. h4 Rg4 39.
Rxf5 Qxb4 40. Re6+ Kg7 41. g3 Rg8 42. Rxh5 1-0

[Event "*** Titled Tuesday Blitz"]
[Site "Chess.com"]
[Date "2020.04.14"]
[Round "6"]
[White "Eloist"]
[Black "StockholmMissile"]
[Result "0-1"]
[WhiteElo "2258"]
[BlackElo "2409"]
[TimeControl "180+1"]
[EndTime "11:03:37 PDT"]
[Termination "StockholmMissile won on time"]

1. e4 e5 2. Bc4 Nf6 3. d3 Nc6 4.
Nf3 Bc5 5. c3 a6 6. O-O Ba7 7.
Nbd2 d6 8. Bb3 O-O 9. h3 h6 10. Re1 Ne7 11. Nf1 Ng6 12. Ng3 Re8 13. d4 c6 14. Bc2 Qc7 15. Be3 Be6 16. Qd2 Rad8 17. Rad1 Bb8 18. Qc1 Qa5 19. Bxh6 gxh6 20. Qxh6 Qxa2 21.
Ng5 Qxb2 22. Nxe6 Rxe6 23. Nf5 Ne8 24. Rd2 Qxc3 25. dxe5 Qxe5 26. Qg5 Bc7 27. g3 Qf6 28.
Qe3 Ne5 29. Rde2 Ng7 30. Nd4 Ree8 31. Kg2 Bb6 32. Rd1 Nc4 33. Qc3 Bxd4 34. Rxd4 b5 35.
Rxc4 Qxc3 36. Rxc3 c5 37. f4 Ne6 38. Kf3 Nd4+ 0-1

[Event "*** Titled Tuesday Blitz"]
[Site "Chess.com"]
[Date "2020.04.14"]
[Round "6"]
[White "Fins0905"]
[Black "JulAnt"]
[Result "0-1"]
[WhiteElo "2721"]
[BlackElo "2487"]
[TimeControl "180+1"]
[EndTime "11:03:38 PDT"]
[Termination "JulAnt won on time"]

1. e4 c5 2. Nf3 e6 3. d4 cxd4 4.
Nxd4 Nf6 5. Bd3 Nc6 6. Nxc6 dxc6 7. O-O e5 8. Nd2 Be7 9. Nc4 Qc7 10. a4 O-O 11. h3 Be6 12. Qe2 Rfd8 13. b3 Nd7 14. Bb2 f6 15. Ne3 a5 16. Bc4 Bxc4 17. Qxc4+ Kh8 18. Nf5 Bf8 19. Qf7 Rdc8 20. Rad1 Nc5 21.
Qc4 Rd8 22. h4 Rxd1 23. Rxd1 Rd8 24. Rxd8 Qxd8 25. Qf7 Nxe4 26. Ba3 c5 27. f3 Nc3 28. Kh2 b6 29. h5 Ne2 30. Bb2 Nf4 31. h6 g6 32. Ng7 Qe7 33. Qc4 Bxg7 34. hxg7+ Qxg7 35. Qb5 Qh6+ 36. Kg1 Qg5 37. g4 Qh4 0-1

[Event "*** Titled Tuesday Blitz"]
[Site "Chess.com"]
[Date "2020.04.14"]
[Round "6"]
[White "Muracle"]
[Black "garicradomir"]
[Result "1-0"]
[WhiteElo "2687"]
[BlackElo "2411"]
[TimeControl "180+1"]
[EndTime "11:03:39 PDT"]
[Termination "Muracle won by checkmate"]

1. e4 g6 2. d4 Nf6 3. Nc3 d5 4. exd5 Nxd5 5. Bc4 Nxc3 6. bxc3 Bg7 7. Ne2 O-O 8. O-O c5 9. dxc5 Qc7 10. Be3 Nd7 11.
Qd5 Ne5 12. Bb3 Be6 13. Qd1 Ng4 14. Bf4 Qxc5 15. Bxe6 fxe6 16. h3 Rad8 17. Qe1 e5 18. Bg5 Nh6 19. Ng3 Nf5 20. Ne4 Qc7 21. Rb1 h6 22.
Bc1 Rd5 23. Qe2 Rfd8 24. Rb4 Kh7 25. a4 b6 26. g4 Nd6 27. Ng3 Qxc3 28. Rb3 Qc4 29.
Rd3 Rxd3 30. cxd3 Qxa4 31. g5 h5 32. Nxh5 gxh5 33. Qxh5+ Kg8 34. g6 Qd4 35. Qh7+ Kf8 36. Bh6 e4 37. Qh8# 1-0

[Event "*** Titled Tuesday Blitz"]
[Site "Chess.com"]
[Date "2020.04.14"]
[Round "6"]
[White "CalinGheorghiu"]
[Black "IvanRadivojevic"]
[Result "0-1"]
[WhiteElo "2343"]
[BlackElo "2539"]
[TimeControl "180+1"]
[EndTime "11:03:40 PDT"]
[Termination "IvanRadivojevic won on time"]

1. e4 c6 2. Nc3 d5 3. Nf3 Nf6 4.
e5 Ne4 5. Ne2 Qb6 6. d4 e6 7.
Ng3 Nxg3 8. hxg3 c5 9. c3 Nc6 10.
Be2 Be7 11. O-O Bd7 12. Qd2 O-O 13. Qf4 f5 14. g4 cxd4 15. cxd4 Kh8 16. Bd3 Nb4 17.
Bb1 Be8 18. a3 Nc6 19. gxf5 Bg6 20. g4 exf5 21. gxf5 Rxf5 22. Bxf5 Rf8 23. Bxg6 Rxf4 24. Bxf4 hxg6 25. Kg2 Nxd4 26. Be3 Qe6 27. Rh1+ Kg8 28.
Nxd4 Qg4+ 29. Kf1 Bc5 30. Rg1 Qh3+ 31. Ke1 Qh2 32. Kd2 Qxe5 33. Nc2 d4 34. Bg5 d3 35.
Kxd3 Qd5+ 36. Kc3 Qe5+ 37. Kc4 b5+ 38. Kd3 Bxf2 39. Rgf1 Qd5+ 40. Ke2 Bc5 41. Bd2 Qc4+ 42. Kf3 Qxc2 43. Bc3 Qd3+ 44. Kg2 Qe2+ 45. Kh1 Bd6 0-1

[Event "*** Titled Tuesday Blitz"]
[Site "Chess.com"]
[Date "2020.04.14"]
[Round "6"]
[White "AttilaTurzo"]
[Black "albano87"]
[Result "0-1"]
[WhiteElo "2482"]
[BlackElo "2200"]
[TimeControl "180+1"]
[EndTime "11:03:40 PDT"]
[Termination "albano87 won on time"]

1. d4 d5 2. Bf4 Nf6 3. e3 e6 4. Nf3 Bd6 5. Bg3 c5 6. c3 O-O 7. Nbd2 Qc7 8. dxc5 Qxc5 9. Bd3 Qc7 10. e4 Nc6 11. Qe2 Bf4 12. e5 Nh5 13. O-O-O g6 14.
Kb1 Nxe5 15. Nxe5 Nxg3 16. hxg3 Bxe5 17. f4 Bg7 18. Nf3 f6 19. Nh4 e5 20. Nxg6 e4 21.
Nxf8 exd3 22. Qxd3 Kxf8 23. Rxh7 Bg4 24. Re1 Qf7 25.
Ka1 Re8 26. Rhh1 Be6 27. f5 Bd7 28. g4 Re5 29. Qd4 Qe7 30. Rd1 b6 31. Rh7 Bc6 32. a3 Re4 33. Qd3 Ba4 0-1

[Event "*** Titled Tuesday Blitz"]
[Site "Chess.com"]
[Date "2020.04.14"]
[Round "6"]
[White "NFChess13"]
[Black "allvim"]
[Result "0-1"]
[WhiteElo "2437"]
[BlackElo "2295"]
[TimeControl "180+1"]
[EndTime "11:03:40 PDT"]
[Termination "allvim won by checkmate"]

1. e4 c5 2. Nf3 d6 3. Bb5+ Bd7 4. Bxd7+ Qxd7 5. c4 Nc6 6. Nc3 e6 7. d4 cxd4 8. Nxd4 Nf6 9. O-O Be7 10. Be3 O-O 11. f4 a6 12. Qe2 Rac8 13. Rad1 Qc7 14. b3 Rfd8 15. g4 Nd7 16. f5 Nxd4 17. Bxd4 Ne5 18.
a4 Bf6 19. Kh1 Qe7 20. Rg1 h6 21. Qf2 Nc6 22. Bxf6 Qxf6 23. Ne2 Qe5 24. Qf3 Re8 25.
Ng3 exf5 26. exf5 Qe3 27. Rgf1 Rcd8 28. Kg2 Na5 29. Rd3 Qe5 30. Rfd1 Nc6 31. Rd5 Qb2+ 32. R1d2 Qf6 33. Nh5 Qg5 34. Qf4 Qxf4 35. Nxf4 Re4 36. Kf3 Rde8 37. R2d3 Re1 38. Rxd6 Ne5+ 39. Kg3 Nxd3 40.
Nxd3 R1e3+ 41. Kf4 R8e4# 0-1

[Event "*** Titled Tuesday Blitz"]
[Site "Chess.com"]
[Date "2020.04.14"]
[Round "6"]
[White "Saloni1299"]
[Black "DraskovicL"]
[Result "0-1"]
[WhiteElo "2246"]
[BlackElo "2568"]
[TimeControl "180+1"]
[EndTime "11:03:41 PDT"]
[Termination "DraskovicL won by resignation"]

1. e4 c6 2. d4 d5 3. e5 Bf5 4. h4 h5 5. Bd3 Bxd3 6. Qxd3 e6 7. Bg5 Qb6 8. Nd2 Ne7 9. Ne2 Qa6 10. c4 Nd7 11. b3 Nf5 12. O-O Bb4 13. Ng3 g6 14.
a3 Be7 15. Bxe7 Kxe7 16. Nf3 Rac8 17. Rfc1 b6 18. b4 Qb7 19. Nxf5+ gxf5 20. Qe3 Rcg8 21. Ng5 Nf8 22. f4 Nh7 23. cxd5 cxd5 24. b5 Nxg5 25.
hxg5 Rc8 26. Qb3 Rhd8 27. Qh3 Rxc1+ 28. Rxc1 Rc8 29. Rxc8 Qxc8 30. Qxh5 Qc1+ 31. Kh2 Qxf4+ 32. g3 Qf2+ 33. Kh3 Qxd4 34. Qh8 Qg4+ 35. Kg2 f4 36. Qf6+ Ke8 37. Qxf4 Qxf4 38. gxf4 Kf8 39. Kf3 Kg7 40. Kg4 Kg6 41. Kg3 Kf5 42. Kf3 d4 43. a4 d3 44. Ke3 d2 45. Kxd2 Kxf4 46. Kd3 Kxg5 47.
Ke4 Kg4 48. a5 Kg5 49. axb6 axb6 50. Ke3 Kf5 51. Kd4 Kf4 52. Kd3 Kxe5 0-1

[Event "*** Titled Tuesday Blitz"]
[Site "Chess.com"]
[Date "2020.04.14"]
[Round "6"]
[White "MrChessSponge"]
[Black "RuperezA"]
[Result "0-1"]
[WhiteElo "2389"]
[BlackElo "2274"]
[TimeControl "180+1"]
[EndTime "11:03:41 PDT"]
[Termination "RuperezA won by resignation"]

1. Nf3 d5 2. d4 e6 3. c4 Nf6 4. g3 c5 5. cxd5 exd5 6. Bg2 Nc6 7. O-O Be7 8. Nc3 Bf5 9. dxc5 d4 10. Na4 Be4 11. Bf4 Qd5 12. Qb3 Qxb3 13. axb3 Rd8 14. Rac1 Nd5 15. Bd6 f5 16. Rfd1 Bf6 17. Ne1 Bxg2 18.
Kxg2 b5 19. Nc3 dxc3 20. Rxd5 cxb2 21. Rb1 Kf7 22. Nd3 Rhe8 23. Kf1 Ne7 24. Bxe7 Rxd5 25. Bxf6 Kxf6 26. Rxb2 a5 27. Ra2 Ra8 28. Ke1 Rdd8 29. Kd2 Ke6 30. Kc3 Kd5 31. Rd2 Kc6 32. Rc2 b4+ 33.
Kc4 Rd5 34. f4 Rad8 35. Ne5+ Rxe5 36. fxe5 Rd5 37. Ra2 Rxc5+ 38. Kd4 Rd5+ 39. Kc4 Rxe5 40. Kd3 Kb5 41. e3 Rc5 42. Rf2 Rc3+ 43. Kd4 Rxb3 44.
Rxf5+ Kb6 45. Rf7 a4 46. Rf8 a3 47. Kc4 Rb2 48. Rb8+ Kc7 49. Rb5 a2 50. Ra5 b3 51.
Kc3 Rb1 52. Ra7+ Kb6 0-1

[Event "*** Titled Tuesday Blitz"]
[Site "Chess.com"]
[Date "2020.04.14"]
[Round "6"]
[White "Belgrade"]
[Black "Larina_Marija"]
[Result "0-1"]
[WhiteElo "2090"]
[BlackElo "2336"]
[TimeControl "180+1"]
[EndTime "11:03:41 PDT"]
[Termination "Larina_Marija won on time"]

1. e4 c5 2. Nf3 Nc6 3. Bb5 Nf6 4. Qe2 Qc7 5. c3 e5 6. O-O Be7 7. d3 d6 8. h3 O-O 9. Re1 h6 10. Nbd2 a6 11. Bxc6 Qxc6 12. a4 b5 13. Nf1 Be6 14.
axb5 axb5 15. Rxa8 Rxa8 16. Ng3 Ra2 17. Kh2 Bf8 18. Nh4 g6 19. Be3 Kh7 20. Nf3 Qb7 21. Bc1 b4 22. c4 Ng8 23. Nd2 Ne7 24. Ngf1 Nc6 25. Ne3 Nd4 26. Qd1 Ra1 27. Nf3 Qa8 28. Nxd4 cxd4 29. Nc2 Ra4 0-1

[Event "*** Titled Tuesday Blitz"]
[Site "Chess.com"]
[Date "2020.04.14"]
[Round "6"]
[White "Vesper2018"]
[Black "Philosopherrr"]
[Result "0-1"]
[WhiteElo "1871"]
[BlackElo "2449"]
[TimeControl "180+1"]
[EndTime "11:03:42 PDT"]
[Termination "Philosopherrr won by resignation"]

1. e4 e5 2. Nf3 Nc6 3. Bc4 Bc5 4. d3 Nf6 5. Bg5 d6 6. c3 h6 7. Bh4 O-O 8. O-O a6 9. a4 Be6 10. Nbd2 Qe7 11. Re1 Rad8 12. a5 Bxc4 13. Nxc4 Qe6 14. Ne3 Ne7 15. Bxf6 Qxf6 16. Nd5 Nxd5 17. exd5 Rde8 18.
Qe2 Qg6 19. b4 Ba7 20. Nd2 f5 21. Kh1 Qf7 22. c4 Bd4 23. Rac1 Kh8 24. Nf3 Ba7 25. Nd2 Re7 26. Qf3 Rfe8 27. c5 e4 28. dxe4 Qxd5 29. Re2 fxe4 30. Qe3 dxc5 31. bxc5 c6 32. Qc3 Re5 33.
Nb3 Rd8 34. h3 Qe6 35. Rce1 Rd3 36. Qxd3 exd3 37. Rxe5 Qxb3 38. Re8+ Kh7 39. Rd8 Bxc5 0-1

[Event "*** Titled Tuesday Blitz"]
[Site "Chess.com"]
[Date "2020.04.14"]
[Round "6"]
[White "lupta_robin"]
[Black "dcann0n88"]
[Result "1-0"]
[WhiteElo "2473"]
[BlackElo "2298"]
[TimeControl "180+1"]
[EndTime "11:03:42 PDT"]
[Termination "lupta_robin won on time"]

1. e4 c5 2. b3 b6 3. Bb2 Bb7 4. Nc3 e6 5. Nf3 d5 6. exd5 exd5 7. d4 Nf6 8. Bd3 Be7 9. O-O O-O 10. Ne5 Nc6 11. Nxc6 Bxc6 12. Re1 Re8 13. Qf3 Qc7 14. h3 c4 15. Bf1 b5 16. Ne2 Bd6 17. Bc1 Re4 18.
Bg5 Nd7 19. c3 Rae8 20. b4 f6 21. Bd2 Nf8 22. Ng3 Bxg3 23. fxg3 Qe7 24. Kf2 Ng6 25. Rxe4 Qxe4 26. Qxe4 Rxe4 27. Be2 Ne7 28. a4 bxa4 29. Bd1 Nc8 30. Bxa4 Bxa4 31. Rxa4 Re7 32. Bf4 Nb6 33.
Ra5 Kf7 34. Bb8 Rb7 35. Bxa7 Ke6 36. Ra6 1-0